cohdb
Replays
Latest Replays
All Replays
Popular Replays
Top Player Replays
Match Explorer
How It Works
Community
CoH3 Stats
Reddit
Sign in to upload your games and track your stats! →
Sign in with Steam
Match 41208452
Unlisted
Match 41208452
Overview
Messages
Build Orders
End
Kettenkrad Recon Vehicle
Construct Infanterie Kompanie
MG 42 Machine Gun Team
Grenadier Squad
Grenadier Squad
Construct Luftwaffe Kompanie
Jäger Squad
221 Scout Car
Selects Mechanized Battlegroup
Selects Raid Package
Jäger Squad
Construct Panzergrenadier Kompanie
Selects StuG Assault Group
StuG Assault Group
Construct Panzer Kompanie
Selects UNKNOWN (2160084)
Selects Spotting Scopes
Selects Stoßtruppen Assault Package
Panzer IV Medium Tank
Medical Station
Pioneer Squad
Selects Zeroing Artillery Barrage
Panzer IV Medium Tank
Zeroing Artillery Barrage
Zeroing Artillery Barrage
Repair Bunker
Nubbl0r
MJ
0
0
Comments
sign in to comment!
No comments posted yet!